[Event "Wednesday Jan 17th Engine Tour 9Rd Swiss 12m+1s Starts at 1600hrs ST"]
[Site "Infinity Chess"]
[Date "2018.1.17"]
[Round "4"]
[White "Thinker"]
[Black "marudam"]
[Result "1/2-1/2"]
[ECO "B33"]
[WhiteElo "2448"]
[BlackElo "2445"]
[WhiteEngine "BrainFish_180113_x64_modern_CTG"]
[BlackEngine "stockfish291217_CTG"]
[EventType "Swiss"]
[WhiteTeam ""]
[BlackTeam ""]
[PlyCount "108"]
[TimeControl "720+1"]

1. e4 c5 2. Nf3 Nc6 3. d4 cxd4 4. Nxd4 Nf6 5. Nc3 e6 6. Nxc6 bxc6 7. e5 Nd5 
8. Ne4 Qc7 9. f4 Qb6 10. c4 Ne3 11. Qd3 Bb4+ 12. Bd2 O-O 13. Rc1 a5 
14. Bxb4 Qxb4+ 15. Rc3 Nxf1 16. Rxf1 Qxb2 17. Rf2 Qa1+ 18. Qd1 Qxd1+ 19. Kxd1 a4 
20. Kc2 f6 21. exf6 gxf6 22. Nd6 c5 23. Rg3+ Kh8 24. Ra3 Ra7 25. Rd2 f5 
26. Rd1 Bb7 27. Nxb7 Rxb7 28. Rxa4 Kg7 29. Ra5 Kf6 30. a4 Rb4 31. Rxc5 Rg8 
32. Rxd7 Rxg2+ 33. Kc3 Rxa4 34. Rxh7 Ra3+ 35. Kb4 Rf3 36. Rc6 Rb2+ 37. Kc5 Rxf4 
38. Rh6+ Kg5 39. Rcxe6 Re4 40. Rxe4 fxe4 41. Re6 Kf5 42. Re8 Kf4 43. h4 e3 
44. h5 Rh2 45. Kd4 Rd2+ 46. Kc3 Kf3 47. h6 Rd7 48. c5 e2 49. c6 Rd8 50. Re7 Rc8 
51. Kd2 Rxc6 52. Rf7+ Kg2 53. h7 Rc8 54. Kxe2 Re8+ 1/2-1/2

[Event "Wednesday Jan 17th Engine Tour 9Rd Swiss 12m+1s Starts at 1600hrs ST"]
[Site "Infinity Chess"]
[Date "2018.1.17"]
[Round "4"]
[White "RonWeasley"]
[Black "incredible"]
[Result "1/2-1/2"]
[ECO "B28"]
[WhiteElo "2454"]
[BlackElo "2450"]
[WhiteEngine "BrainFish 130117_CTG"]
[BlackEngine "Stockfish_x64_bmi2"]
[EventType "Swiss"]
[WhiteTeam ""]
[BlackTeam ""]
[PlyCount "187"]
[TimeControl "720+1"]

1. e4 c5 2. Nf3 a6 3. Nc3 d6 4. d4 cxd4 5. Nxd4 Nf6 6. Bg5 Nc6 7. Qd2 e6 
8. O-O-O Bd7 9. f4 b5 10. Bxf6 gxf6 11. Kb1 Qb6 12. Nce2 b4 13. g4 Be7 14. h4 h6 
15. f5 Nxd4 16. Nxd4 e5 17. Nf3 Bc6 18. Bd3 O-O-O 19. Qe2 d5 20. exd5 Bxd5 
21. Bxa6+ Kc7 22. Bc4 Bc6 23. Bxf7 Qb7 24. Rdf1 Rd6 25. Rhg1 Rhd8 26. g5 hxg5 
27. hxg5 Kb8 28. Nxe5 fxe5 29. f6 Bxf6 30. Rxf6 Rxf6 31. gxf6 Qxf7 32. Qxe5+ Kc8 
33. b3 Qd5 34. Qxd5 Bxd5 35. Rg4 Bf7 36. Rxb4 Rd1+ 37. Kb2 Rf1 38. Rh4 Rxf6 
39. Rh2 Kc7 40. a4 Kb6 41. Ka3 Rf3 42. Kb4 Kc6 43. Rh6+ Kc7 44. c4 Kb7 
45. Rh7 Kc7 46. a5 Kb7 47. Rg7 Rf5 48. Rg3 Bxc4 49. bxc4 Rf2 50. Rg6 Rb2+ 
51. Kc5 Ra2 52. Rg7+ Ka6 53. Rg8 Rc2 54. Rg1 Rb2 55. Ra1 Rb8 56. Rf1 Rb2 
57. Ra1 Rh2 58. Rd1 Rf2 59. Rd3 Rc2 60. Rd1 Rh2 61. Rd7 Rf2 62. Rd1 Rg2 
63. Rd3 Rh2 64. Rd1 Rc2 65. Ra1 Re2 66. Rf1 Rh2 67. Rf7 Re2 68. Rf1 Rb2 
69. Rh1 Rg2 70. Rh3 Rb2 71. Rh1 Rg2 72. Rh8 Rc2 73. Rg8 Rf2 74. Ra8+ Kb7 
75. Rh8 Ka6 76. Rh7 Rf5+ 77. Kb4 Rf6 78. Rh4 Rf1 79. Rh6+ Kb7 80. Kb5 Rb1+ 
81. Kc5 Ra1 82. Kb5 Rb1+ 83. Kc5 Ra1 84. Rh7+ Ka6 85. Rh3 Rg1 86. Rh2 Rb1 
87. Rg2 Rf1 88. Re2 Rg1 89. Re8 Rc1 90. Rh8 Rg1 91. Rf8 Rh1 92. Rf2 Rb1 
93. Ra2 Rc1 94. Ra3 1/2-1/2

[Event "Wednesday Jan 17th Engine Tour 9Rd Swiss 12m+1s Starts at 1600hrs ST"]
[Site "Infinity Chess"]
[Date "2018.1.17"]
[Round "4"]
[White "Harry_Potter"]
[Black "KhalidOmar"]
[Result "1/2-1/2"]
[ECO "C55"]
[WhiteElo "2464"]
[BlackElo "2458"]
[WhiteEngine "Stockfish_18011309_x64_bmi2_CTG"]
[BlackEngine "Eman 1.62 64-bit BMI2"]
[EventType "Swiss"]
[WhiteTeam ""]
[BlackTeam ""]
[PlyCount "94"]
[TimeControl "720+1"]

1. e4 e5 2. Nf3 Nc6 3. Bc4 Nf6 4. d3 Bc5 5. O-O a5 6. c3 d6 7. Bg5 O-O 8. a4 h6 
9. Bh4 g5 10. Bg3 Kg7 11. Nbd2 Ba7 12. Nb3 Ne7 13. Qc2 Ng6 14. d4 Nh5 
15. Kh1 Qe7 16. Nxa5 exd4 17. cxd4 g4 18. Ng1 Bxd4 19. Ne2 Bf6 20. Nb3 Ne5 
21. Nd2 Kg8 22. Bd5 c6 23. Bb3 Bg7 24. Rad1 Ra5 25. f4 gxf3 26. Nxf3 Nxg3+ 
27. Nxg3 Nxf3 28. gxf3 Qh4 29. f4 Bh3 30. Rf2 Raa8 31. Qd3 Rae8 32. Bc2 f5 
33. Qe3 fxe4 34. Rxd6 c5 35. Rg6 Rf6 36. Rxf6 Bxf6 37. Qxc5 e3 38. Qd5+ Be6 
39. Qb5 Kf8 40. Rf1 e2 41. Nxe2 Bd5+ 42. Qxd5 Rxe2 43. Qd6+ Be7 44. Qb8+ Bd8 
45. Qd6+ Be7 46. Qb8+ Bd8 47. Qd6+ Be7 1/2-1/2

[Event "Wednesday Jan 17th Engine Tour 9Rd Swiss 12m+1s Starts at 1600hrs ST"]
[Site "Infinity Chess"]
[Date "2018.1.17"]
[Round "4"]
[White "Ninja_Bp"]
[Black "Eman"]
[Result "1/2-1/2"]
[ECO "A05"]
[WhiteElo "2460"]
[BlackElo "2470"]
[WhiteEngine "Houdini 6"]
[BlackEngine "Eman 1.62 64-bit POPCNT"]
[EventType "Swiss"]
[WhiteTeam ""]
[BlackTeam ""]
[PlyCount "104"]
[TimeControl "720+1"]

1. Nf3 Nf6 2. d4 d5 3. e3 c5 4. c4 cxd4 5. exd4 g6 6. cxd5 Nxd5 7. Qb3 Bg7 
8. Bc4 e6 9. Bg5 Qb6 10. Nc3 h6 11. Bh4 Nc6 12. Bxd5 exd5 13. Qxb6 axb6 
14. Nxd5 O-O 15. O-O Ra5 16. Ne7+ Kh7 17. Nxc6 bxc6 18. Be7 Re8 19. Bb4 Rd5 
20. Rac1 g5 21. h3 h5 22. Rxc6 g4 23. hxg4 hxg4 24. Nh4 Bxd4 25. Bc3 Bd7 
26. Rc7 Bxc3 27. bxc3 b5 28. Ra1 Rd2 29. c4 b4 30. c5 Be6 31. Rb7 Ra8 
32. Rxb4 Raxa2 33. Rxa2 Rxa2 34. c6 Rc2 35. Rb5 Rxc6 36. Kh2 Rc8 37. f3 Rc2 
38. Rh5+ Kg7 39. fxg4 Rc4 40. Nf5+ Bxf5 41. gxf5 Kf6 42. Kg3 Ra4 43. Kf2 Ra1 
44. g3 Ra2+ 45. Kf3 Ra1 46. g4 Rb1 47. Rh6+ Ke5 48. g5 Rc1 49. f6 Ra1 
50. g6 Ra3+ 51. Ke2 Kxf6 52. gxf7+ Kxf7 1/2-1/2

[Event "Wednesday Jan 17th Engine Tour 9Rd Swiss 12m+1s Starts at 1600hrs ST"]
[Site "Infinity Chess"]
[Date "2018.1.17"]
[Round "4"]
[White "hafaba"]
[Black "Cepri"]
[Result "1-0"]
[ECO "A05"]
[WhiteElo "2450"]
[BlackElo "2459"]
[WhiteEngine "Stockfish SL 07012018 POPCNT_CTG"]
[BlackEngine "asmFishW_12J18Mb_CTG"]
[EventType "Swiss"]
[WhiteTeam ""]
[BlackTeam ""]
[PlyCount "169"]
[TimeControl "720+1"]

1. Nf3 Nf6 2. d4 c6 3. Bf4 d5 4. e3 Nh5 5. Be5 Qb6 6. c4 Qxb2 7. Nbd2 e6 
8. Rb1 Qxa2 9. c5 Nf6 10. Ra1 Qb2 11. Be2 Nbd7 12. Bxf6 gxf6 13. O-O Nxc5 
14. dxc5 Qb4 15. Nb3 Bxc5 16. Nxc5 Qxc5 17. e4 dxe4 18. Nd2 f5 19. Nc4 O-O 
20. Qd2 Qe7 21. Nb6 Rb8 22. Qf4 axb6 23. Qxb8 e5 24. Rfc1 b5 25. Qa7 Qb4 
26. Qc5 Qxc5 27. Rxc5 Kg7 28. Rxe5 Be6 29. f4 Rd8 30. Kf2 Kf6 31. Rc5 Ke7 
32. Rcc1 Bd5 33. Rd1 Ke6 34. Ra7 Rb8 35. Ke3 Kd6 36. h3 Kc7 37. Raa1 Rg8 
38. g4 Kd6 39. Ra7 Kc7 40. Ra5 Rd8 41. Raa1 h5 42. gxh5 Rg8 43. Rg1 Rh8 
44. Rg5 Be6 45. h4 b4 46. Bf1 b3 47. Bh3 f6 48. Rg7+ Kd6 49. Rd1+ Kc5 
50. Re7 Bc8 51. h6 Rxh6 52. Re8 Rxh4 53. Bf1 Rh2 54. Rxc8 Rc2 55. Rb1 Kb4 
56. Be2 Rc3+ 57. Kd4 c5+ 58. Kd5 Rc2 59. Rb8 Rd2+ 60. Ke6 Rxe2 61. Rxb7+ Kc4 
62. R1xb3 Rd2 63. Kxf5 Rd5+ 64. Kxf6 Rd8 65. f5 Rf8+ 66. Ke6 Re8+ 67. Kf7 Rh8 
68. f6 e3 69. Ke7 Rh3 70. Rb2 Rh4 71. f7 Re4+ 72. Kd8 Rd4+ 73. Ke8 Re4+ 
74. Re7 Rf4 75. f8=Q Rxf8+ 76. Kxf8 e2 77. Rexe2 Kd4 78. Rec2 c4 79. Rb4 Kd3 
80. Rcxc4 Ke2 81. Rc3 Kd2 82. Rbb3 Ke2 83. Rb2+ Kd1 84. Ke8 Ke1 85. Rc1# 1-0

[Event "Wednesday Jan 17th Engine Tour 9Rd Swiss 12m+1s Starts at 1600hrs ST"]
[Site "Infinity Chess"]
[Date "2018.1.17"]
[Round "4"]
[White "Gilgamesch"]
[Black "Vimtiroba"]
[Result "0-1"]
[ECO "C50"]
[WhiteElo "2503"]
[BlackElo "2489"]
[WhiteEngine "BrainFish_171005_x64_bmi2"]
[BlackEngine "SF@Infinity T1_CTG"]
[EventType "Swiss"]
[WhiteTeam ""]
[BlackTeam ""]
[PlyCount "212"]
[TimeControl "720+1"]

1. e4 e5 2. Nf3 Nc6 3. Bc4 Bc5 4. Bb3 Nf6 5. d3 O-O 6. Nbd2 d6 7. O-O a5 
8. a4 Re8 9. c3 h6 10. Re1 Be6 11. Nc4 Qd7 12. Be3 Bxe3 13. Nxe3 Rad8 14. h3 Ne7 
15. Bc2 Qc8 16. d4 Ng6 17. d5 Bd7 18. Nc4 Nf4 19. Nfd2 b6 20. Qf3 g5 21. Kh1 Kh7 
22. Ne3 h5 23. Nf5 h4 24. g3 Nxh3 25. Ne7 Rxe7 26. Qxf6 Rh8 27. Nf3 hxg3 
28. fxg3 Qd8 29. Nxg5+ Nxg5 30. Qxg5 f6 31. Qxf6 Kg8+ 32. Kg2 Bh3+ 33. Kg1 Qe8 
34. Bd3 Rhh7 35. Be2 Qd7 36. b3 Ref7 37. Qg5+ Rhg7 38. Qe3 Rf4 39. Rad1 Rh7 
40. Bf3 Qg7 41. Bh1 Qg5 42. Re2 Rg7 43. Rf2 Qxg3+ 44. Qxg3 Rxg3+ 45. Kh2 Rxc3 
46. Ra2 Kf8 47. Rb2 Ke7 48. Kg1 Kf6 49. Rbd2 Rg3+ 50. Kh2 Rxb3 51. Rc1 Bd7 
52. Ra2 Ke7 53. Kg1 Kd8 54. Bg2 Rg3 55. Re1 Rfg4 56. Kh2 Rg8 57. Ree2 Rc3 
58. Re1 Rc4 59. Rea1 Rg4 60. Bf3 Rf4 61. Bg2 Be8 62. Kg1 Ke7 63. Bf1 Rg4+ 
64. Kf2 Rcxe4 65. Rc2 Ref4+ 66. Ke1 Kd8 67. Rh2 Rg1 68. Rf2 Re4+ 69. Kd2 Rd4+ 
70. Kc3 Rg3+ 71. Kb2 Bxa4 72. Rg2 Rb4+ 73. Kc1 Rc3+ 74. Kd2 Rc2+ 75. Kd3 Rd4+ 
76. Ke3 Rxg2 77. Bxg2 Bb3 78. Rh1 Kc8 79. Bf1 Bxd5 80. Bh3+ Kb7 81. Ra1 a4 
82. Kf2 b5 83. Ke2 c5 84. Bf5 Bc6 85. Bc2 Kb6 86. Ke3 Rh4 87. Bd3 b4 88. Bf5 a3 
89. Be6 Rd4 90. Bg8 Bd5 91. Bxd5 Rxd5 92. Kf3 Rd4 93. Kg2 b3 94. Rxa3 b2 
95. Rb3+ Rb4 96. Rxb2 Rxb2+ 97. Kg3 Rb4 98. Kf2 Rd4 99. Kg2 c4 100. Kh3 c3 
101. Kg2 Rb4 102. Kh2 c2 103. Kg1 c1=Q+ 104. Kf2 Rb2+ 105. Kg3 Qf4+ 
106. Kh3 Rh2# 0-1

[Event "Wednesday Jan 17th Engine Tour 9Rd Swiss 12m+1s Starts at 1600hrs ST"]
[Site "Infinity Chess"]
[Date "2018.1.17"]
[Round "3"]
[White "Satria_Ungu"]
[Black "ivrdurant"]
[Result "1/2-1/2"]
[ECO "A04"]
[WhiteElo "2360"]
[BlackElo "2395"]
[WhiteEngine "Houdini 6_CTG"]
[BlackEngine "Raubfisch X37b3._CTG"]
[EventType "Swiss"]
[WhiteTeam ""]
[BlackTeam ""]
[PlyCount "149"]
[TimeControl "720+1"]

1. Nf3 c5 2. c4 Nf6 3. Nc3 Nc6 4. e3 e6 5. a3 d5 6. d4 cxd4 7. exd4 Be7 
8. cxd5 Nxd5 9. Bc4 O-O 10. Bd3 b6 11. Qc2 Nf6 12. Be3 Bb7 13. Rd1 Na5 
14. Ne5 Rc8 15. O-O b5 16. Rfe1 a6 17. h3 Nc4 18. Bxc4 bxc4 19. Na4 Qc7 
20. Rc1 Bd5 21. Bg5 Rfe8 22. Bh4 Qb7 23. f3 Rb8 24. Re2 Nd7 25. Bxe7 Nxe5 
26. dxe5 Qxe7 27. Nc3 Red8 28. Rd1 Qc7 29. Qc1 Qc5+ 30. Kh2 Bc6 31. Rdd2 Rd3 
32. Na2 Rxd2 33. Qxd2 h6 34. Nc3 a5 35. Qd1 Rb7 36. Qd8+ Kh7 37. Qd2 Rd7 
38. Qf4 Qd4 39. Qxd4 Rxd4 40. Rc2 Rd3 41. Kg3 g5 42. Nb1 Bd5 43. Nd2 Rd4 
44. Nf1 Kg7 45. Ne3 Kg6 46. Kh2 h5 47. Kh1 f6 48. exf6 Kxf6 49. Kg1 Ke7 
50. Rc3 Kd6 51. Kf1 Kc5 52. Ke2 a4 53. Nd1 g4 54. fxg4 hxg4 55. Rg3 gxh3 
56. gxh3 Rf4 57. Kd2 Rh4 58. Nc3 Bc6 59. Re3 Kd6 60. Rg3 e5 61. Rg6+ Kc5 
62. Re6 Rh5 63. h4 Bd7 64. Ne4+ Kd4 65. Nf6 Bxe6 66. Nxh5 e4 67. Nf4 e3+ 
68. Ke1 Bg4 69. h5 Bxh5 70. Nxh5 Kd3 71. Nf6 Kc2 72. Ne4 Kxb2 73. Ke2 Kxa3 
74. Kxe3 Kb2 75. Kd2 1/2-1/2

[Event "Wednesday Jan 17th Engine Tour 9Rd Swiss 12m+1s Starts at 1600hrs ST"]
[Site "Infinity Chess"]
[Date "2018.1.17"]
[Round "3"]
[White "star99"]
[Black "MarioDeMonti"]
[Result "0-1"]
[ECO "E20"]
[WhiteElo "2421"]
[BlackElo "2418"]
[WhiteEngine "Cryptic AIL V1"]
[BlackEngine "stockfish_x64_bmi2_2018_01_13_CTG"]
[EventType "Swiss"]
[WhiteTeam ""]
[BlackTeam ""]
[PlyCount "144"]
[TimeControl "720+1"]

1. d4 Nf6 2. c4 e6 3. Nc3 d5 4. Nf3 c6 5. Bg5 h6 6. Bh4 dxc4 7. e4 g5 8. Bg3 b5 
9. Be2 Bb7 10. O-O Nbd7 11. Ne5 Bg7 12. Nxd7 Nxd7 13. Bd6 a6 14. e5 c5 
15. d5 Nxe5 16. dxe6 Nd3 17. exf7+ Kxf7 18. Bxd3 cxd3 19. Qxd3 Qd7 20. Qg3 Rad8 
21. Bxc5 Qc6 22. Be3 Rhe8 23. Rac1 Kg8 24. a3 a5 25. Ne2 Qd5 26. Nc3 Qc6 
27. Ne2 Qe4 28. Nc3 Qf5 29. Qc7 Rd7 30. Qxa5 Bxc3 31. Qxc3 Qe4 32. f3 Qxe3+ 
33. Qxe3 Rxe3 34. Rfd1 Bc6 35. Re1 Rxe1+ 36. Rxe1 Kf7 37. Rc1 Rd6 38. Kf2 Bd7 
39. Ke3 Re6+ 40. Kf2 Rc6 41. Rxc6 Bxc6 42. Kg3 Kg6 43. Kf2 Kf5 44. Ke3 Ke5 
45. Kd3 g4 46. Ke3 gxf3 47. gxf3 b4 48. axb4 h5 49. Kd3 Kf4 50. Kc4 Kxf3 
51. b5 Ba8 52. b6 Kg2 53. h4 Kg3 54. Kb5 Kxh4 55. Ka6 Kg5 56. Ka7 Be4 
57. b7 Bxb7 58. Kxb7 h4 59. Kc7 h3 60. b4 h2 61. b5 h1=Q 62. b6 Qh2+ 63. Kc6 Qb8 
64. b7 Kf4 65. Kb5 Qxb7+ 66. Kc5 Ke5 67. Kc4 Qf3 68. Kb5 Qd5+ 69. Ka6 Kd6 
70. Kb6 Qb3+ 71. Ka5 Kc5 72. Ka6 Qb6# 0-1

[Event "Wednesday Jan 17th Engine Tour 9Rd Swiss 12m+1s Starts at 1600hrs ST"]
[Site "Infinity Chess"]
[Date "2018.1.17"]
[Round "3"]
[White "ocirema"]
[Black "angriff"]
[Result "1/2-1/2"]
[ECO "B00"]
[WhiteElo "2416"]
[BlackElo "2493"]
[WhiteEngine "stockfish_18011309_x64_modern_CTG"]
[BlackEngine "Raubfisch ME262_GTZ16b2_CTG"]
[EventType "Swiss"]
[WhiteTeam ""]
[BlackTeam ""]
[PlyCount "116"]
[TimeControl "720+1"]

1. e4 Nc6 2. d4 d5 3. e5 Bf5 4. c3 e6 5. Nf3 f6 6. Bb5 Nge7 7. exf6 gxf6 
8. Nh4 Bg6 9. O-O a6 10. Be2 Qd7 11. Re1 Bf7 12. Nd2 Ng6 13. Ndf3 Bd6 14. b4 Rg8 
15. Nxg6 hxg6 16. h4 Rh8 17. g3 Kf8 18. a4 e5 19. dxe5 Nxe5 20. Nxe5 Bxe5 
21. Bg4 Qc6 22. Be3 Kg7 23. Rc1 Rae8 24. Bf3 Qd7 25. a5 c6 26. Bd4 Qc7 
27. Bb6 Qc8 28. Qd2 Bd6 29. c4 Qd7 30. Kg2 Rxe1 31. Rxe1 Re8 32. Rxe8 Qxe8 
33. cxd5 cxd5 34. Bd4 Be5 35. Qc3 Qe7 36. Kh2 Qe6 37. Bg2 Qd6 38. Qe3 Qe6 
39. Bc5 Bc7 40. Qd3 Be5 41. Bh3 Qc6 42. Qe3 Qe8 43. f4 Bc7 44. Qd2 Qc6 
45. Qd4 Bd6 46. g4 Bxc5 47. bxc5 Qb5 48. g5 Kf8 49. f5 Qe2+ 50. Kg3 Qe1+ 
51. Kf3 gxf5 52. Bxf5 fxg5 53. hxg5 Qh1+ 54. Kg3 Qe1+ 55. Kg2 Qe2+ 56. Kg3 Qe1+ 
57. Kg2 Qe2+ 58. Kg3 Qe1+ 1/2-1/2

[Event "Wednesday Jan 17th Engine Tour 9Rd Swiss 12m+1s Starts at 1600hrs ST"]
[Site "Infinity Chess"]
[Date "2018.1.17"]
[Round "3"]
[White "marudam"]
[Black "OlivierEvan"]
[Result "1/2-1/2"]
[ECO "C11"]
[WhiteElo "2446"]
[BlackElo "2422"]
[WhiteEngine "stockfish291217_CTG"]
[BlackEngine "Houdini 6"]
[EventType "Swiss"]
[WhiteTeam ""]
[BlackTeam ""]
[PlyCount "143"]
[TimeControl "720+1"]

1. e4 e6 2. d4 d5 3. Nc3 Nf6 4. e5 Nfd7 5. f4 c5 6. Nf3 Nc6 7. Be3 Be7 8. Qd2 a6 
9. Be2 O-O 10. a3 b5 11. O-O Bb7 12. Nd1 Na5 13. Qe1 Nc4 14. c3 cxd4 15. cxd4 f5 
16. Bc1 Na5 17. Rb1 Qb6 18. Nc3 Rac8 19. Bd3 Nb3 20. Be3 b4 21. axb4 Qxb4 
22. Qd1 a5 23. Kh1 a4 24. Rg1 Nb6 25. Qe2 Nc4 26. Bf2 h5 27. Be1 Qb6 
28. Nxa4 Qa7 29. Nc3 Nxd4 30. Qf2 Nc6 31. Qxa7 Nxa7 32. Ne2 Rfd8 33. Ned4 Kf7 
34. b4 Nc6 35. Ne2 g5 36. b5 Nb8 37. fxg5 Nd7 38. Bg3 h4 39. Bxh4 Ncxe5 
40. Nf4 Ng6 41. Nxg6 Kxg6 42. Bf2 Bc5 43. Rge1 Bxf2 44. Rxe6+ Kf7 45. Bxf5 d4 
46. g6+ Kf8 47. Ng5 Rc5 48. Re2 Rxf5 49. Ne6+ Ke7 50. Nxd4+ Re5 51. Rxf2 Nf6 
52. Nc6+ Bxc6 53. bxc6 Rc8 54. g3 Rxc6 55. Rb7+ Ke6 56. Kg2 Rf5 57. Re2+ Re5 
58. Rxe5+ Kxe5 59. g7 Rc8 60. h3 Kf5 61. g4+ Kg6 62. h4 Kh7 63. Kg3 Rc3+ 
64. Kf2 Nxg4+ 65. Kg2 Rc2+ 66. Kf3 Nh6 67. h5 Rc6 68. Kg2 Kg8 69. Rd7 Rb6 
70. Ra7 Ng4 71. h6 Nxh6 72. Kf3 1/2-1/2

[Event "Wednesday Jan 17th Engine Tour 9Rd Swiss 12m+1s Starts at 1600hrs ST"]
[Site "Infinity Chess"]
[Date "2018.1.17"]
[Round "3"]
[White "incredible"]
[Black "Thinker"]
[Result "1/2-1/2"]
[ECO "E10"]
[WhiteElo "2450"]
[BlackElo "2448"]
[WhiteEngine "Stockfish_x64_bmi2"]
[BlackEngine "BrainFish_180113_x64_modern_CTG"]
[EventType "Swiss"]
[WhiteTeam ""]
[BlackTeam ""]
[PlyCount "132"]
[TimeControl "720+1"]

1. d4 Nf6 2. c4 e6 3. Nf3 d5 4. Nc3 Be7 5. Bf4 O-O 6. e3 Nbd7 7. c5 c6 8. Bd3 b6 
9. b4 a5 10. a3 Nh5 11. Be5 f6 12. Bd6 Bxd6 13. cxd6 g6 14. h4 Ng7 15. Rc1 Bb7 
16. Qc2 Qe8 17. h5 Nxh5 18. g4 Ng7 19. Rh6 f5 20. Ng5 axb4 21. axb4 Nf6 
22. f3 e5 23. Qh2 exd4 24. Nd1 Ne6 25. Nxe6 Qxe6 26. gxf5 gxf5 27. b5 c5 
28. Rc2 Rf7 29. Qf4 Re8 30. Rg2+ Kh8 31. d7 Qxd7 32. Bxf5 Qe7 33. Bg6 Ref8 
34. Bxf7 Rxf7 35. Qg3 Qf8 36. Rh4 dxe3 37. Nxe3 Bc8 38. Kd1 Qe7 39. Qg5 Rg7 
40. Qxg7+ Qxg7 41. Rxg7 Kxg7 42. Ra4 Be6 43. Ra7+ Kf8 44. Rb7 d4 45. Rxb6 Ke7 
46. Ng2 Nd7 47. Ra6 Bb3+ 48. Ke1 Bc4 49. Ra5 Kd6 50. f4 Kd5 51. f5 Ke5 
52. Nh4 Bd5 53. Ra7 Kd6 54. Ra6+ Ke5 55. b6 Bc4 56. Ra5 Kd6 57. b7 Kc7 
58. b8=Q+ Kxb8 59. Nf3 Kb7 60. Kf2 Bd3 61. Nxd4 cxd4 62. Rd5 Kc6 63. Rxd4 Bxf5 
64. Kg3 Nc5 65. Kh4 Ne4 66. Kh5 Kc5 1/2-1/2

[Event "Wednesday Jan 17th Engine Tour 9Rd Swiss 12m+1s Starts at 1600hrs ST"]
[Site "Infinity Chess"]
[Date "2018.1.17"]
[Round "3"]
[White "RonWeasley"]
[Black "KhalidOmar"]
[Result "1/2-1/2 "]
[ECO "C55"]
[WhiteElo "2454"]
[BlackElo "2458"]
[WhiteEngine "BrainFish 130117_CTG"]
[BlackEngine "Eman 1.62 64-bit BMI2"]
[EventType "Swiss"]
[WhiteTeam ""]
[BlackTeam ""]
[PlyCount "163"]
[TimeControl "720+1"]

1. e4 e5 2. Nf3 Nc6 3. Bc4 Nf6 4. d3 Bc5 5. c3 a5 6. Bg5 h6 7. Bh4 g5 8. Bg3 d6 
9. O-O O-O 10. a4 Kg7 11. Na3 Ne7 12. d4 exd4 13. e5 dxe5 14. Bxe5 Nc6 
15. cxd4 Nxe5 16. dxe5 Nh5 17. g3 Bh3 18. Re1 Qxd1 19. Rexd1 Rad8 20. Be2 Kg8 
21. Nb5 c6 22. Nd6 Bxd6 23. Rxd6 Rxd6 24. exd6 Nf6 25. Ne5 Re8 26. f4 gxf4 
27. gxf4 Nd7 28. Ra3 Be6 29. Nxd7 Bxd7 30. Kf2 Be6 31. f5 Bxf5 32. Rb3 Bc8 
33. d7 Bxd7 34. Rxb7 Be6 35. Bf3 c5 36. Rb5 Bd7 37. Rxc5 Rb8 38. b3 Rxb3 
39. Rxa5 Rb2+ 40. Kg3 Kg7 41. Ra7 Be6 42. Rb7 Ra2 43. Ra7 Ra3 44. Kf2 Bc4 
45. a5 Kf6 46. Rc7 Ra2+ 47. Ke3 Ra3+ 48. Kf2 Be6 49. Rc5 Ke7 50. Kg3 Kd6 
51. Rc6+ Ke7 52. Rc7+ Kd6 53. Rc6+ Ke7 54. Rc5 Kf6 55. Kf4 Ra4+ 56. Ke3 Ra3+ 
57. Kf2 Ra2+ 58. Kg3 Ra3 59. Kf4 Ra4+ 60. Ke3 Ra2 61. Be2 Ra3+ 62. Kd2 Ke7 
63. Rh5 Ra2+ 64. Ke3 f6 65. h3 Bf7 66. Rxh6 Rxa5 67. h4 Re5+ 68. Kd2 f5 
69. h5 f4 70. Bg4 Ra5 71. Kd3 Bd5 72. Kd4 f3 73. Rh7+ Kf6 74. Rh6+ Kg5 
75. Rg6+ Kf4 76. Bh3 f2 77. h6 Be4 78. Rf6+ Kg5 79. h7 f1=Q 80. Rxf1 Bxh7 
81. Bg2 Ra2 82. Bb7 1/2-1/2

[Event "Wednesday Jan 17th Engine Tour 9Rd Swiss 12m+1s Starts at 1600hrs ST"]
[Site "Infinity Chess"]
[Date "2018.1.17"]
[Round "3"]
[White "Ninja_Bp"]
[Black "Harry_Potter"]
[Result "1/2-1/2"]
[ECO "E10"]
[WhiteElo "2460"]
[BlackElo "2464"]
[WhiteEngine "Houdini 6_CTG"]
[BlackEngine "Stockfish_18011309_x64_bmi2_CTG"]
[EventType "Swiss"]
[WhiteTeam ""]
[BlackTeam ""]
[PlyCount "138"]
[TimeControl "720+1"]

1. d4 Nf6 2. c4 e6 3. Nf3 d5 4. Nc3 Be7 5. Bf4 O-O 6. Rc1 b6 7. cxd5 Nxd5 
8. Nxd5 Qxd5 9. a3 c5 10. dxc5 bxc5 11. e3 Bb7 12. Qc2 Nd7 13. Be2 Qe4 
14. O-O Qxc2 15. Rxc2 Be4 16. Rcc1 Nb6 17. Rfd1 Bf6 18. Ne5 Bd5 19. Rxc5 Bxe5 
20. Bxe5 Nd7 21. Rcxd5 exd5 22. Bc3 Nb6 23. h4 Rac8 24. Rd4 Rc5 25. g4 Rd8 
26. Kg2 Nc4 27. Bf3 h6 28. g5 hxg5 29. Rg4 Rc6 30. Rxg5 Rg6 31. Rxg6 fxg6 
32. Kg3 Kh7 33. Bd4 a5 34. Kf4 Nd2 35. Bg4 Nc4 36. Bf3 a4 37. Kg4 Nd2 
38. Bd1 Ra8 39. Bc2 Kh6 40. Be5 Ra5 41. Bc3 Rc5 42. Bxa4 Rc4+ 43. Kh3 Rxa4 
44. Bxd2 Kh5 45. Bb4 g5 46. hxg5 Kxg5 47. Bc3 g6 48. Bd4 Ra8 49. Bc3 Rf8 
50. Kg3 Ra8 51. Be5 Kf5 52. Bd4 g5 53. Kg2 Ra6 54. Kf3 Ra8 55. Kg2 g4 
56. Kh2 Rd8 57. Kg3 Rb8 58. a4 Ra8 59. b3 Rb8 60. a5 Rxb3 61. a6 Rb4 62. a7 Ra4 
63. Bc5 Ra6 64. Bd4 Ra4 65. Bc5 Ra2 66. Bd4 Ra5 67. Bc5 Ra4 68. Bb6 Ke6 
69. Bd4 Kf5 1/2-1/2

[Event "Wednesday Jan 17th Engine Tour 9Rd Swiss 12m+1s Starts at 1600hrs ST"]
[Site "Infinity Chess"]
[Date "2018.1.17"]
[Round "3"]
[White "Eman"]
[Black "SkyPilot"]
[Result "1/2-1/2"]
[ECO "C53"]
[WhiteElo "2470"]
[BlackElo "2470"]
[WhiteEngine "Eman 1.62 64-bit POPCNT"]
[BlackEngine "stockfish_x64_bmi2_2018_01_13_CTG"]
[EventType "Swiss"]
[WhiteTeam ""]
[BlackTeam ""]
[PlyCount "127"]
[TimeControl "720+1"]

1. e4 e5 2. Nf3 Nc6 3. Bc4 Bc5 4. c3 Nf6 5. d4 exd4 6. e5 d5 7. Bb5 Ne4 
8. cxd4 Bb6 9. O-O Bg4 10. a4 a5 11. Nc3 O-O 12. Bxc6 bxc6 13. h3 Bh5 14. Be3 f6 
15. g4 Bg6 16. exf6 Qxf6 17. Ne5 Qh4 18. Nxe4 dxe4 19. Kg2 Rae8 20. Nxg6 hxg6 
21. Qc2 Rf3 22. Rh1 Qf6 23. Rad1 Kh7 24. Rhf1 Qh4 25. Rh1 Ref8 26. Rh2 Qe7 
27. Rd2 Qe8 28. b3 Qe6 29. Rh1 Qd5 30. Rc1 R8f6 31. Qc4 Qd8 32. Qc2 Qd5 
33. Qc4 Qd7 34. Bg5 Rd6 35. Be3 Qd8 36. Rcd1 Qe7 37. Qc2 Qe6 38. Rg1 Rd5 
39. Rh1 Rd8 40. Rc1 Rd6 41. Rg1 Rf8 42. Rgd1 Re8 43. Kh2 Qf6 44. Qc4 Rd5 
45. Rg1 Rf8 46. Rg3 Qd8 47. g5 c5 48. Rg4 cxd4 49. Rh4+ Kg8 50. Rxe4 c5 
51. Kg1 Qd7 52. Re5 Rf5 53. Bf4 Rfxe5 54. Bxe5 Kh7 55. f4 Bd8 56. h4 Qg4+ 
57. Rg2 Qf3 58. Rf2 Qg3+ 59. Kf1 Qh3+ 60. Kg1 Qg4+ 61. Kh1 Qh3+ 62. Kg1 Qg3+ 
63. Kf1 Qh3+ 64. Kg1 1/2-1/2

[Event "Wednesday Jan 17th Engine Tour 9Rd Swiss 12m+1s Starts at 1600hrs ST"]
[Site "Infinity Chess"]
[Date "2018.1.17"]
[Round "3"]
[White "Vimtiroba"]
[Black "avilllaa"]
[Result "1-0"]
[ECO "B50"]
[WhiteElo "2473"]
[BlackElo "2472"]
[WhiteEngine "SF@Infinity T1_CTG"]
[BlackEngine "Cryptic AIL V1"]
[EventType "Swiss"]
[WhiteTeam ""]
[BlackTeam ""]
[PlyCount "137"]
[TimeControl "720+1"]

1. e4 c5 2. Nf3 d6 3. Nc3 Nc6 4. d4 cxd4 5. Nxd4 Nf6 6. Bg5 e6 7. Qd2 Be7 
8. O-O-O Qb6 9. Bxf6 Bxf6 10. Nxc6 bxc6 11. Na4 Qb7 12. Qxd6 Be7 13. Qe5 O-O 
14. b3 c5 15. Bc4 Bf6 16. Qf4 Be7 17. Rd2 h6 18. h4 Rd8 19. Rxd8+ Bxd8 
20. Rd1 Qe7 21. g3 Bd7 22. Nb2 Bc6 23. e5 Qb7 24. Qe3 Be7 25. f4 g6 26. Be2 Bd5 
27. h5 gxh5 28. Nc4 Bxc4 29. Bxc4 Rd8 30. Rg1 Kh8 31. Qe2 h4 32. Qh5 Qe4 
33. Qxh6+ Qh7 34. Qxh7+ Kxh7 35. gxh4 Rg8 36. Rxg8 Kxg8 37. h5 Kh7 38. Kd2 Kh6 
39. Be2 Bh4 40. Kd3 Kg7 41. Kc4 Bf2 42. Kb5 Be3 43. c4 Bxf4 44. Ka6 Bxe5 
45. Kxa7 Bc7 46. a4 f5 47. Kb7 Bd8 48. Ka6 e5 49. Kb5 e4 50. a5 Bc7 51. a6 Bb8 
52. Kb6 Kf6 53. Kb7 Be5 54. a7 Kg5 55. a8=Q Kf4 56. h6 Ke3 57. Bh5 f4 58. h7 f3 
59. h8=Q Bxh8 60. Qxh8 f2 61. Qf6 Kd2 62. Kc6 Ke1 63. Qa1+ Kd2 64. Kxc5 f1=Q 
65. Qxf1 e3 66. Qe2+ Kc1 67. Kb4 Kb1 68. Kc3 Ka1 69. Qb2# 1-0